 Dungeon Crawl Stone Soup version 0.26.0-10-g1f06aea511 (webtiles) character file.

Game seed: 18238054523614937392

45 Borgoz the Slasher (level 3, -4/30 HPs)
             Began as a Ghoul Gladiator on Jan 30, 2021.
             Slain by a gnoll
             ... wielding a +0 spear
              (9 damage)
             ... on level 2 of the Dungeon.
             The game lasted 00:01:17 (844 turns).

Borgoz the Slasher (Ghoul Gladiator)                 Turns: 844, Time: 00:01:18

Health: -4/30      AC:  6    Str: 17    XL:     3   Next: 64%
Magic:  2/2        EV: 12    Int:  3    God:
Gold:   33         SH:  0    Dex: 11    Spells: 2/2 levels left

rFire    . . .     SeeInvis .   a - +0 long sword
rCold    + . .     Faith    .   (no shield)
rNeg     + + +     Spirit   .   b - +0 leather armour
rPois    ∞         Reflect  .   c - +1 helmet
rElec    .         Harm     .   f - +0 cloak
rCorr    .         Rampage  .   (no gloves)
Will     .....                  (no boots)
Stlth    +.........             (no amulet)
HPRegen  0.00/turn              (no ring)
MPRegen  0.08/turn              (no ring)

@: no status effects
A: claws 1, cold resistance 1, negative energy resistance 3, inhibited
regeneration, torment resistance, unbreathing
a: no special abilities


You were on level 2 of the Dungeon.
You visited 1 branch of the dungeon, and saw 2 of its levels.

You collected 33 gold pieces.

Inventory:

Hand Weapons
 a - a +0 long sword (weapon)
Missiles
 d - 3 throwing nets (quivered)
Armour
 b - a +0 leather armour (worn)
 c - a +1 helmet (worn)
 f - a +0 cloak (worn)
Scrolls
 e - a scroll of amnesia {unknown}
 i - a scroll of enchant armour
 j - 2 scrolls of identify {unknown}
 k - 2 scrolls of remove curse
 m - a scroll of teleportation {unknown}
Potions
 g - a potion of curing {unknown}
 h - a potion of degeneration {unknown}


   Skills:
 + Level 2.7 Fighting
 * Level 3.3 Long Blades
 - Level 1.7 Throwing
 + Level 1.1 Armour
 + Level 3.0 Dodging


You had 2 spell levels left.
You didn't know any spells.
Your spell library was empty.

Dungeon Overview and Level Annotations

Branches:
Dungeon (2/15)

Altars:


Innate Abilities, Weirdness & Mutations

You thrive by killing the living.
You are immune to poison.
You have sharp fingernails.
Your flesh is cold resistant. (rC+)
You are immune to negative energy. (rN+++)
You do not regenerate when monsters are visible.
You are immune to unholy pain and torment.
You can survive without breathing.


Message History

The rat bites you but does no damage. The gnoll hits you with a +0 whip.
You rip the net and break free!
The gnoll hits you from afar with a +0 spear.
* * * LOW HITPOINT WARNING * * *
The rat barely misses you.
You riposte.
You hit the rat.
You kill the rat!
The gnoll barely misses you.
You riposte.
You completely miss the gnoll.
Okay, then.
You aren't carrying any items that you can evoke.
As you read the scroll labelled TOGAEC ZOAZXE, it crumbles to dust.
You feel blessed for a moment.
It was a scroll of remove curse.
As you read the scroll labelled MEOHEPS LAS SEG, it crumbles to dust.
You smell burning hair.
It was a scroll of random uselessness.
The gnoll hits you from afar with a +0 spear.
* * * LOW HITPOINT WARNING * * *
As you read the scroll labelled POOTEK BILOUGG, it crumbles to dust.
It is a scroll of enchant armour.
Your +0 helmet glows green for a moment.
The gnoll hits you from afar with a +0 spear!
You die...

#.. #.###...........##.(....
#..###.###..###.............#
#.......)...# ......######.. .
#......###.## ###..###.....
..###...##.###..# ......##.##.#
............##..#######...##.##.#
.##........###.... .......†#(##.#
.##.[......###.#.## #.#.........#
.##..........#.#@.# #.#.#)##.#..#
.######......#.##g###........#..#
.### #..>.....##gg##............
...####........###......#........
................................#
#######.###....###..#........#..#
# #.# .... #........#.....# # #.#
### #..........[...# . #..
....##...##.#..


You could see 3 gnolls.

Vanquished Creatures
  2 adders (D:2)
  An ooze (D:1)
  A leopard gecko (D:1)
  4 bats (D:1)
  A giant cockroach (D:1)
  3 goblins
  3 hobgoblins
  A kobold (D:1)
  A quokka (D:2)
  A ball python (D:2)
  4 rats
22 creatures vanquished.

Notes
Turn   | Place    | Note
-------+----------+-------------------------------------------
     0 | D:1      | Borgoz the Ghoul Gladiator began the quest for the Orb.
     0 | D:1      | Reached XP level 1. HP: 17/17 MP: 0/0
   115 | D:1      | Reached XP level 2. HP: 25/25 MP: 1/1
   808 | D:2      | Reached XP level 3. HP: 30/30 MP: 2/2
   820 | D:2      | Reached skill level 1 in Armour
   844 | D:2      | Slain by a gnoll

Illustrated notes

Levels and vault maps discovered:
D:1:      psy_arrival_spokes, layout_basic, serial_bayou_ford_a,
          minmay_tromino_v2
D:2:      layout_basic, chequers_garden

Skill      XL: |  1  2  3 |
---------------+----------+-----
Long Blades    | 3 |  3.3
Armour         | 1 |  1.1
Dodging        | 3 |  3.0
Fighting       | |  2.7
Throwing       | |  1.7

Action                   || total
-------------------------++-------
Melee: Long sword        ||    50
  Use: Scroll            ||     3
Armor: Leather armour    ||    24
Dodge: Dodged            ||    46
       Rpst.: Long sword ||    22
